 Dungeon Crawl Stone Soup version 0.32-a0-571-gec57dfcd37 (webtiles) character file.

Game seed: 12573864842921088891

46 BeKind the Poker (level 3, 0/20 HPs)
             Began as a Vine Stalker Berserker on Mar 1, 2024.
             Was a Believer of Trog.
             Slain by a gnoll
             ... wielding a +0 halberd
              (5 damage)
             ... on level 2 of the Dungeon.
             The game lasted 00:01:58 (1368 turns).

BeKind the Poker (Vine Stalker Berserker)           Turns: 1368, Time: 00:01:58

Health: 0/20       AC:  2    Str: 19    XL:     3   Next: 66%
Magic:  0/4        EV: 12    Int:  7    God:    Trog [**....]
Gold:   39         SH:  0    Dex: 15    Spells: 2/2 levels left

rFire   . . .        a - +0 spear
rCold   . . .        (no shield)
rNeg    . . .        b - +0 animal skin
rPois   .            (no helmet)
rElec   .            (no cloak)
rCorr   .            (no gloves)
SInv    .            (no boots)
Will    .....        (no amulet)
Stlth   +            (no ring)
HPRegen 1.03/turn    (no ring)
MPRegen 0.09/turn

%: guardian spirit
@: no status effects
A: fangs 2, regeneration 1, magic shield, antimagic bite, no potion heal 2
a: Renounce Religion, Berserk, Trog's Hand


You were on level 2 of the Dungeon.
You worshipped Trog.
Trog was pleased with you.
You visited 1 branch of the dungeon, and saw 2 of its levels.

You collected 39 gold pieces.

Inventory:

Hand Weapons
 a - a +0 spear (weapon)
Armour
 b - a +0 animal skin (worn)
 f - a +0 cloak
Jewellery
 e - a ring of ice
Scrolls
 c - a scroll of silence {unknown}
 d - 2 scrolls of identify {unknown}
 h - a scroll of teleportation {unknown}
 i - a scroll of revelation {unknown}
Potions
 g - a potion of enlightenment {unknown}


   Skills:
 + Level 3.1 Fighting
 + Level 3.1 Polearms
 + Level 2.1 Armour
 + Level 2.0 Dodging


You had 2 spell levels left.
You didn't know any spells.
Your spell library was empty.

Dungeon Overview and Level Annotations

Branches:
Dungeon (2/15)

Altars:


Innate Abilities, Weirdness & Mutations

You have extremely sharp teeth.
Your natural rate of healing is unusually fast.
When hurt, damage is shared between your health and your magic reserves.
Your bite disrupts and absorbs the magic of your enemies.
Potions cannot restore your health.


Message History

A quokka comes into view.
Found a red potion.
A quokka is nearby! 2 gnolls come into view.
There is an open door here.
You reach to attack!
You hit the quokka.
The quokka is heavily wounded.
The gnoll shouts!
The gnoll shouts!
You hit the quokka.
You kill the quokka!
Trog accepts your kill.
A gnoll comes into view.
It is wielding a +0 spear and quivering a throwing net.
The gnoll shouts!
The gnoll throws a throwing net.
The throwing net hits you.
You become entangled in the net!
You see here a throwing net.
You are held in a net!
You are held in a net!
You are held in a net!
You are held in a net!
You are held in a net!
You are held in a net!
You are held in a net!
You are held in a net!
You struggle against the net.
You are held in a net!
You are held in a net!
You cannot attack while held in a net.
Unknown command.
You struggle against the net.
The gnoll hits you from afar with a +0 halberd!
Ouch! That really hurt!
You tear a large gash into the net.
The gnoll hits you from afar with a +0 halberd!
* * * LOW HITPOINT WARNING * * *
The gnoll barely misses you.
You rip the net and break free!
The gnoll hits you from afar with a +0 halberd.
You die...

#...#.# #...........# #.#...#
##.....#########.#### #..#.##
##.......## ##.#.#
##....####.........####....####
#.......+.........+...........
#....####.....!...####........
#.#.## #..ggg..# #>.#.###.
#.### #.....# #.##.###. #.#
#.@.# #.##..##. #.# ##'##
#.###.##. #.####### #.#
#........ #.......# #.#
#####.### #..####.# ##.## #.#
#..####.# ##...######### #.#
#.....#.# #.....##.....# #.#
##.##.#.####...###.....# #.#
#.##..................###.#


You could see 3 gnolls.

Vanquished Creatures
  An adder (D:2)
  A ball python (D:1)
  6 endoplasms
  3 giant cockroaches
  A goblin (D:1)
  A hobgoblin (D:1)
  6 kobolds
  4 quokkas
  5 bats
  A frilled lizard (D:2)
  4 rats
33 creatures vanquished.

Notes
Turn   | Place    | Note
-------+----------+-------------------------------------------
     0 | D:1      | BeKind the Vine Stalker Berserker began the quest for the
                  | Orb.
     0 | D:1      | Reached XP level 1. HP: 11/11 MP: 2/2
   226 | D:1      | Reached XP level 2. HP: 16/16 MP: 1/3
   404 | D:1      | Found a faded altar of an unknown god.
   833 | D:2      | Reached XP level 3. HP: 20/20 MP: 4/4
   863 | D:2      | Reached ** piety under Trog
  1368 | D:2      | Slain by a gnoll

Illustrated notes

Levels and vault maps discovered:
D:1:      lemuel_arrival_behind_the_door_large, layout_basic,
          basic_ecumenical_altar, corexii_item_surrounded_by_moat
D:2:      layout_loops_corners

Skill      XL: |  1  2  3 |
---------------+----------+-----
Fighting       | 3 |  3.1
Polearms       | 3 |  3.1
Armour         | 2 |  2.1
Dodging        | 2 |  2.0

Action                     || total
---------------------------++-------
  Melee: Spear             ||    89
         Bite              ||    19
   Stab: Sleeping          ||     4
 Armour: Animal skin       ||    20
  Dodge: Dodged            ||    41

Table legend: (Time is in decaauts)
 A = Elapsed time spent in this place.
 B = Non-inter-level travel time spent in this place.
 C = Inter-level travel time spent in this place.
 D = Time resting spent in this place.
 E = Time spent auto-exploring this place.
 F = Levels seen in this place.
 G = Mean time per level.
                   A        B        C        D        E       F      G
               +--------+--------+--------+--------+--------+-----+--------+
         Total |   1363 |   1315 |     48 |      0 |   1111 |   2 |  681.5 |
       Dungeon |   1363 |   1315 |     48 |      0 |   1111 |   2 |  681.5 |
               +--------+--------+--------+--------+--------+-----+--------+

Top non-repeatable levels by time:
     D:1: 754 daAuts
     D:2: 609 daAuts
